 Dungeon Crawl Stone Soup version 0.28-a0-1339-ga5422284a4 (webtiles) character file.

Game seed: 3656804021963683886

171999 bearlyready the Eclecticist (level 18, -18/166 HPs)
             Began as a Djinni Fire Elementalist on Dec 29, 2021.
             Was the Champion of Ashenzari.
             Demolished by an alligator snapping turtle (23 damage)
             ... on level 4 of the Shoals.
             The game lasted 01:17:53 (27094 turns).

bearlyready the Eclecticist (DjFE)                 Turns: 27094, Time: 01:17:54

Health: -18/166    AC: 18    Str:  6 (7)  XL:     18   Next: 66%
Gold:   3268       EV: 19    Int: 22      God:    Ashenzari [******] SH: 20 Dex: 17

rFire   + + .      SeeInvis +   Q - +9 demon blade of the Astral Seer {drain, rCorr SInv, Fort, Self} (curse)
rCold   + . .      Faith    .   A - +0 tower shield of Ashenzari's Pleiades {Self, Melee} (curse)
rNeg    . . .      Spirit   .   t - +0 troll leather armour "Share My Omen" {Regen+, Melee, Self} (curse)
rPois   ∞          Reflect  .   V - +0 helmet "Ensconced Prison" {Evo, Self} (curse)
rElec   .          Harm     .   J - +1 cloak of the Eye in the Sky {Melee, Fort} (curse)
rCorr   +          Rampage  .   k - +5 pair of gloves "Pangnostic Scepticism" {rC+, Cun, Self} (curse)
Will    +....      Clarity  +   (boots unavailable)
Stlth   ++........              g - amulet of Ashenzari's Burden {Regen+, Evo, Self} (curse)
HPRegen 1.97/turn               w - ring "Jealousy of Ashenzari" {Wiz, Self, Range} (curse)
MPRegen 0.00/turn               T - ring of Ashenzari's Shame {rC+, Melee, Self} (curse)

@: flying
A: sickness immunity, fire resistance 2, cold vulnerability 1, float, innate
caster, hp casting, extra vitality 1, deterioration 1
a: Renounce Religion, Shatter the Chains


You were on level 4 of the Shoals.
You worshipped Ashenzari.
Ashenzari was exalted by your worship.
You visited 6 branches of the dungeon, and saw 29 of its levels.
You visited the Abyss 1 time.
You visited 1 bazaar.
You also visited: Ossuary, Bailey and Ice Cave.

You collected 3626 gold pieces.
You spent 358 gold pieces at shops.

Inventory:

Hand Weapons
 Q - the cursed +9 demon blade of the Astral Seer (weapon) {drain, rCorr SInv, Fort, Self}
   (You acquired it on level 5 of the Lair of Beasts)

   A truly terrible weapon, it drains the life of any living foe it strikes.
   SInv:      It lets you see invisible.
   rCorr:     It protects you from acid and corrosion.
   It has a curse which improves the following skills: Fortitude: Armour and
   Shields.
   Introspection: Fighting and Spellcasting.
Missiles
 i - 3 silver javelins
 p - 147 poisoned darts
 q - 8 javelins
 s - 4 throwing nets
 B - 3 curare-tipped darts
Armour
 k - the cursed +5 pair of gloves "Pangnostic Scepticism" (worn) {rC+, Cun, Self}
   (You acquired it on level 10 of the Dungeon)

   rC:        It protects you from cold.
   It has a curse which improves the following skills: Cunning: Dodging and
   Stealth.
   Introspection: Fighting and Spellcasting.
 t - the cursed +0 troll leather armour "Share My Omen" (worn) {Regen+, Melee, Self}
   (You found it on level 9 of the Dungeon)

   Regen:     It increases your rate of health regeneration.
   It has a curse which improves the following skills: Melee Combat: Short
   Blades, Long Blades, Axes, Maces & Flails, Polearms, Staves and Unarmed
   Combat.
   Introspection: Fighting and Spellcasting.
 A - the cursed +0 tower shield of Ashenzari's Pleiades (worn) {Self, Melee}
   (You found it on level 4 of the Dungeon)

   It has a curse which improves the following skills: Introspection: Fighting
   and Spellcasting.
   Melee Combat: Short Blades, Long Blades, Axes, Maces & Flails, Polearms,
   Staves and Unarmed Combat.
 J - the cursed +1 cloak of the Eye in the Sky (worn) {Melee, Fort}
   (You found it on level 5 of the Dungeon)

   It has a curse which improves the following skills: Melee Combat: Short
   Blades, Long Blades, Axes, Maces & Flails, Polearms, Staves and Unarmed
   Combat.
   Fortitude: Armour and Shields.
 P - a +2 troll leather armour {Snorg}
 S - a +1 cloak of preservation
 V - the cursed +0 helmet "Ensconced Prison" (worn) {Evo, Self}
   (You found it on level 8 of the Dungeon)

   It has a curse which improves the following skills: Evocations: Evocations.
   Introspection: Fighting and Spellcasting.
 Z - a +2 tower shield
Jewellery
 a - a ring of positive energy
 b - a +4 ring of protection
 g - the cursed amulet of Ashenzari's Burden (around neck) {Regen+, Evo, Self}
   (You found it on level 1 of the Dungeon)

   [amulet of regeneration]

   Regen:     It increases your rate of health regeneration.
   It has a curse which improves the following skills: Evocations: Evocations.
   Introspection: Fighting and Spellcasting.
 w - the cursed ring "Jealousy of Ashenzari" (left hand) {Wiz, Self, Range}
   (You found it on level 4 of the Dungeon)

   [ring of wizardry]

   It improves your spell success rate.
   It has a curse which improves the following skills: Introspection: Fighting
   and Spellcasting.
   Ranged Combat: Slings, Bows, Crossbows and Throwing.
 T - the cursed ring of Ashenzari's Shame (right hand) {rC+, Melee, Self}
   (You found it on level 8 of the Dungeon)

   [ring of protection from cold]

   rC:        It protects you from cold.
   It has a curse which improves the following skills: Melee Combat: Short
   Blades, Long Blades, Axes, Maces & Flails, Polearms, Staves and Unarmed
   Combat.
   Introspection: Fighting and Spellcasting.
 U - the ring "Gyatal" {rElec rN+ Int+2 Dex-3}
   (You found it in an ice cave)

   [ring of positive energy]

   Int:       It affects your intelligence (+2).
   Dex:       It affects your dexterity (-3).
   rElec:     It insulates you from electricity.
   rN:        It protects you from negative energy.
Wands
 d - a wand of digging (3)
 o - a wand of iceblast (26)
 r - a wand of mindburst (3)
 z - a wand of paralysis (32)
 O - a wand of flame (65)
Scrolls
 c - 2 scrolls of brand weapon
 f - 21 scrolls of identify
 h - a scroll of silence
 j - 2 scrolls of vulnerability
 n - 4 scrolls of enchant weapon
 y - 3 scrolls of teleportation
 E - 3 scrolls of blinking
 I - 4 scrolls of enchant armour
 N - 6 scrolls of fog
 W - 4 scrolls of magic mapping
Potions
 e - 4 potions of magic
 l - 5 potions of brilliance
 m - 15 potions of curing
 u - 2 potions of might
 v - 8 potions of heal wounds
 C - 6 potions of ambrosia
 D - 2 potions of cancellation
 F - 3 potions of haste
 G - 9 potions of attraction
 H - 5 potions of lignification
 R - 2 potions of invisibility
 X - 2 potions of berserk rage
 Y - 2 potions of mutation
Miscellaneous
 M - a phial of floods


   Skills:
 + Level 14.7(26.7) Fighting
 - Level 9.3(16.7) Long Blades
 + Level 11.9(16.6) Armour
 + Level 13.0(16.0) Dodging
 - Level 1.7(3.9) Stealth
 + Level 11.6(16.3) Shields
 + Level 15.2(27) Spellcasting
 + Level 8.1(12.8) Evocations


You had 27 spell levels left.
You knew the following spells:

 Your Spells              Type           Power      Damage    Failure   Level
a - Foxfire               Conj/Fire      100%       2x1d9     0%          1
b - Scorch                Fire           100%       2d10      0%          2
c - Conjure Flame         Conj/Fire      99%        6-21      0%          3
d - Inner Flame           Hex/Fire       99%        N/A       0%          3
e - Flame Wave            Conj/Fire      99%        2d13      0%          4
f - Magic Dart            Conj           100%       1d8       0%          1
g - Ensorcelled Hibernat  Hex/Ice        100%       N/A       0%          2
h - Poisonous Vapours     Pois/Air       100%       N/A       0%          2
i - Call Canine Familiar  Summ           99%        N/A       0%          3
j - Lightning Bolt        Conj/Air       49%        1d70      0%          5
k - Agony                 Necr           99%        N/A       0%          5
l - Iron Shot             Conj/Erth      49%        9d9       0%          6
m - Orb of Destruction    Conj           49%        9d15      1%          7
Your spell library was empty.

Dungeon Overview and Level Annotations

Branches:
Dungeon (15/15)            Temple (1/1) D:4            Lair (6/6) D:8
 Shoals (4/4) Lair:3       Spider (0/4) Lair:3        Slime (0/5) Lair:5
    Orc (2/2) D:12            Elf (0/3) Orc:2        Vaults (0/5) D:14
 Depths (1/4) D:15        Ossuary (visited)          Bailey (visited)
  IceCv (visited)

Altars:
Ashenzari
Cheibriados
Dithmenos
Elyvilon
Fedhas
Gozag
Hepliaklqana
Kikubaaqudgha
Makhleb
Nemelex Xobeh
Okawaru
Qazlal
Ru
Sif Muna
Trog
Uskayaw
Vehumet
Wu Jian
Xom
Yredelemnul
Zin
The Shining One
Beogh

Shops:
D:3 *   D:6 (   D:9 =   Orc:2 ([![   Shoals:3 [

Portals:
Trove: D:12 (show abyssal rune of Zot)


Innate Abilities, Weirdness & Mutations

You are immune to sickness and miasma.
You are immune to poison.
Your flesh is very heat resistant. (rF++)
You are vulnerable to cold. (rC-)
You float through the air rather than walking.
You learn spells naturally, not from books.
Your magical power is your life essence.
You have superior vitality. (+4 MHP)
Your body sometimes deteriorates upon taking damage.


Message History

The merfolk avatar chants a haunting song.
You are unaffected.
You block the alligator snapping turtle's attack.
The iron shot hits the merfolk siren!!!
You kill the merfolk siren!
The satyr shoots an arrow.
You block the arrow.
You block the alligator snapping turtle's attack.
The iron shot hits the alligator snapping turtle!!!
The alligator snapping turtle is moderately wounded.
The satyr shoots an arrow.
You block the arrow. You block the merfolk's attack.
The merfolk avatar chants a haunting song.
You are unaffected.
The alligator snapping turtle bites you from afar.
The iron shot hits the alligator snapping turtle!!!
The alligator snapping turtle is severely wounded.
The satyr shoots an arrow.
You block the arrow.
The merfolk avatar chants a haunting song.
You are unaffected.
The merfolk hits you from afar with a +0 halberd.
A merfolk javelineer comes into view.
It is wielding a +4 spear of venom and quivering silver javelins.
The iron shot hits the alligator snapping turtle!!!
The alligator snapping turtle is almost dead.
The merfolk javelineer shouts!
The satyr shoots an arrow.
The arrow hits you!!
The merfolk javelineer throws a silver javelin.
The silver javelin pierces through you! The silver sears you!
The alligator snapping turtle bites you from afar!!
* * * LOW HITPOINT WARNING * * *
The merfolk misses you.
You are too injured to fight recklessly!
You are too injured to fight recklessly!
The satyr shoots an arrow.
The arrow hits you!!
* * * LOW HITPOINT WARNING * * *
The merfolk javelineer throws a silver javelin.
The silver javelin pierces through you!
* * * LOW HITPOINT WARNING * * *
The silver sears you!
* * * LOW HITPOINT WARNING * * *
The alligator snapping turtle bites you from afar!!
You die...

, ≈≈≈ ≈≈## * #≈≈≈≈ ≈
,,,≈ ≈...m≈#**
##*...≈≈≈ ≈≈ ≈
≈≈≈≈≈...≈≈≈###≈##...≈
≈≈≈ ≈ ≈ , ≈
.≈≈≈≈≈≈≈≈≈≈≈....,≈≈ ,
≈≈ ,,
..≈≈m≈≈≈≈≈≈≈.... ≈ ≈≈
,, , ..≈≈≈≈≈.≈≈[.....
≈ ≈≈ ≈ , ,
,<.≈≈≈m(......... ≈ ≈
................, ≈ ≈
≈ ,, ,,
,.....).@........ ,≈
≈ ≈ *,* *,,
........[....... ,≈
≈≈ ** *
*,,,...≈≈t≈≈.......≈
≈ ≈ ,, *
...≈≈≈÷≈≈≈≈....≈≈≈ ≈≈
,≈ , *
,...≈≈≈≈≈≈≈≈≈...≈ ≈≈
≈ * *
,......≈≈≈≈(≈≈.##≈≈
≈≈≈≈ ≈,
,..÷.≈...≈≈≈≈..#*
**** ≈≈ , *, ≈
..(....c.....##≈ *
≈≈≈ ,, ....≈≈≈≈≈≈≈≈#
≈ **


You could see an alligator snapping turtle, a merfolk avatar, a merfolk
javelineer, a satyr and a merfolk.

Vanquished Creatures
  A dread lich (Abyss:3)
  Frances (D:14)
  Louise (D:14)
  Aizul (Shoals:1)
  A juggernaut skeleton (D:15)
  2 elemental wellsprings (Shoals:2)
  Snorg (Lair:3)
  2 merfolk javelineers
  Josephine (Orc:1)
  9 merfolk impalers
  4 boulder beetles
  Fannar (Lair:3)
  A spriggan skeleton (D:15)
  9 hydras
  A merfolk avatar (Shoals:3)
  3 alligator snapping turtles
  7 merfolk aquamancers
  Erica (D:8)
  5 centaur warriors
  7 two-headed ogres
  2 dancing weapons (D:14)
  2 satyrs
  6 death yaks
  2 tengu warriors (D:13)
  4 orc high priests (Orc:2)
  Sonja (Orc:2)
  2 fire crabs (Abyss:4)
  5 skeletal warriors (D:15)
  A flayed ghost (D:14)
  3 glowing orange brains
  10 sea snakes
  Pikel (D:8)
  A phantasmal warrior (D:14)
  2 necromancers
  7 orc knights
  4 deep elf pyromancers
  14 harpies
  8 fauns
  5 orc sorcerers
  9 cyclopes
  13 manticores
  19 ugly things
  A fire giant zombie (D:15)
  A black mamba (shapeshifter) (D:14)
  A stone giant zombie (D:15)
  A smoke demon (Abyss:4)
  9 water nymphs
  6 merfolk sirens
  17 elephants
  2 black mambas (Lair:6)
  An ice statue (IceCv)
  A torpor snail (Lair:5)
  9 cane toads
  An unseen horror (D:12)
  6 rime drakes
  3 kobold demonologists (D:12)
  11 ice devils (IceCv)
  8 komodo dragons
  4 yaktaurs (D:15)
  2 guardian mummies
  3 freezing wraiths (IceCv)
  3 anaconda simulacra (IceCv)
  A tengu conjurer (D:15)
  A queen bee (shapeshifter) (D:14)
  35 merfolk
  3 wind drakes
  6 polar bears
  2 ancient zymes (Abyss:4)
  8 trolls
  A wolf spider simulacrum (D:15)
  5 blink frogs (Lair:4)
  6 hornets
  8 slime creatures
  14 snapping turtles
  9 dream sheep
  A jumping spider (shapeshifter) (D:14)
  A centaur simulacrum (D:14)
  51 yaks
  15 water elementals
  5 wyverns
  5 wraiths
  3 shadows
  15 spriggans (Lair:6)
  A dire elephant simulacrum (IceCv)
  A fire elemental (D:12)
  Grum (D:9)
  A neqoxec (Abyss:4)
  5 vampire mosquitoes (D:12)
  2 steam dragons
  4 basilisks
  2 death yak simulacra (IceCv)
  3 wargs (Orc:1)
  4 harpy simulacra
  3 acid dragons
  13 water moccasins
  2 ice beasts
  2 black bears (Lair:6)
  27 orc warriors
  27 wolves
  4 boggarts (Lair:6)
  6 centaurs
  7 ogres
  A small abomination (Abyss:3)
  A phantom (D:4)
  A lemure (D:8)
  A gnoll sergeant (D:6)
  7 kobold brigands
  13 bullfrogs
  A bullfrog (shapeshifter) (Abyss:4)
  Blork the orc (D:4)
  3 cane toad simulacra (IceCv)
  An earth elemental (D:12)
  4 scorpions
  7 elephant simulacra (IceCv)
  A water moccasin skeleton (D:6)
  14 wights
  4 howler monkeys
  5 electric eels
  A bullfrog zombie (D:5)
  4 centaur zombies
  22 orc priests
  A jelly (D:6)
  A bullfrog skeleton (D:5)
  A centaur skeleton (D:6)
  An iguana (D:6)
  An iron imp (Abyss:4)
  21 orc wizards
  A spriggan simulacrum (IceCv)
  7 hell rats (Lair:6)
  4 polar bear simulacra (IceCv)
  3 troll simulacra (IceCv)
  4 wolf simulacra (IceCv)
  A hound zombie (D:5)
  A hound skeleton (D:4)
  8 mummies (Ossuary)
  A howler monkey zombie (D:9)
  5 gnolls (D:6)
  A howler monkey skeleton (D:5)
  2 adders
  A naga simulacrum (IceCv)
  A shadow imp (D:6)
  3 white imps
  3 ufetubi
  2 worms (D:2)
  5 dart slugs
  75 orcs
  3 bats
  7 endoplasms
  4 giant cockroaches
  11 goblins
  5 hobgoblins
  40 kobolds
  4 quokkas
  11 ball pythons
  5 frilled lizards (D:2)
  A gnoll zombie (Ossuary)
  A hobgoblin zombie (Ossuary)
  5 kobold zombies (Ossuary)
  An orc zombie (Ossuary)
  10 rats
934 creatures vanquished.

Vanquished Creatures (collateral kills)
  A catoblepas (Abyss:4)
  2 orc knights (Bailey)
  Maurice (D:8)
  A gargoyle (D:13)
  A komodo dragon (D:8)
  2 orc warriors (Bailey)
  A kobold brigand (Bailey)
  A quasit (Abyss:3)
  An orc (D:8)
11 creatures vanquished.

Vanquished Creatures (others)
  A wind drake (Shoals:1)
  A water elemental (D:12)
  An air elemental (D:12)
  An orc warrior (Orc:2)
  A howler monkey (D:12)
  A wight (Abyss:4)
  An orc priest (Orc:2)
  An orc (Orc:2)
  A bush (Lair:6)
  599 foxfires
  45 fungi
  146 plants
  7 withered plants (D:15)
806 creatures vanquished.

Grand Total: 1751 creatures vanquished

Notes
Turn   | Place    | Note
-------+----------+-------------------------------------------
     0 | D:1      | bearlyready the Djinni Fire Elementalist began the quest
                  | for the Orb.
     0 | D:1      | Reached XP level 1. HP: 15/15 MP: 0/0
   225 | D:1      | Reached XP level 2. HP: 8/21 MP: 0/0
   478 | D:1      | Reached skill level 3 in Spellcasting
  1119 | D:1      | Reached XP level 3. HP: 20/25 MP: 0/0
  1119 | D:1      | Learned a level 1 spell: Magic Dart
  1277 | D:1      | You are sucked into a shaft and drop 1 floor!
  1651 | D:1      | Found a faded altar of an unknown god.
  2069 | D:2      | Reached XP level 4. HP: 28/31 MP: 0/0
  2399 | D:3      | Reached skill level 4 in Spellcasting
  2556 | D:3      | Found Apsebraxt's General Store.
  2565 | D:3      | Bought a scroll of identify for 24 gold pieces
  2565 | D:3      | Bought a potion of curing for 36 gold pieces
  2565 | D:3      | Bought a potion of curing for 36 gold pieces
  2601 | D:3      | Noticed an ogre
  2653 | D:3      | Reached XP level 5. HP: 29/35 MP: 0/0
  2653 | D:3      | Learned a level 2 spell: Ensorcelled Hibernation
  3103 | D:4      | Noticed a phantom
  3111 | D:4      | Killed a phantom
  3112 | D:4      | Reached XP level 6. HP: 39/40 MP: 0/0
  3165 | D:4      | Found a basalt altar of Yredelemnul.
  3195 | D:4      | Noticed Blork the orc
  3204 | D:4      | Killed Blork the orc
  3205 | D:4      | Reached skill level 5 in Spellcasting
  3241 | D:4      | Noticed an ogre
  3248 | D:4      | Killed an ogre
  3263 | D:4      | Found a staircase to the Ecumenical Temple.
  3275 | Temple   | Entered the Ecumenical Temple
  3437 | Temple   | Became a worshipper of Ashenzari the Shackled
  3780 | D:4      | Reached XP level 7. HP: 25/45 MP: 0/0
  3780 | D:4      | Learned a level 2 spell: Poisonous Vapours
  3981 | D:4      | Reached skill level 6 in Spellcasting
  4072 | D:5      | Entered Level 5 of the Dungeon
  4072 | D:5      | Noticed a steam dragon
  4080 | D:5      | Killed a steam dragon
  4111 | D:5      | Noticed a yak
  4111 | D:5      | Noticed a yak
  4111 | D:5      | Noticed a yak
  4111 | D:5      | Noticed a yak
  4111 | D:5      | Noticed a yak
  4149 | D:4      | Killed a yak
  4150 | D:4      | Reached XP level 8. HP: 34/50 MP: 0/0
  4252 | D:5      | Found a sand-covered staircase.
  4262 | Ossuary  | Entered an ossuary
  4285 | Ossuary  | Reached skill level 1 in Fighting
  4295 | Ossuary  | Reached skill level 7 in Spellcasting
  4517 | D:5      | Reached skill level 1 in Evocations
  5278 | D:5      | Reached XP level 9. HP: 57/63 MP: 0/0
  5278 | D:5      | Learned a level 3 spell: Call Canine Familiar
  5534 | D:5      | Reached skill level 5 in Fighting
  5534 | D:5      | Reached skill level 8 in Spellcasting
  5728 | D:5      | Reached * piety under Ashenzari
  5728 | D:5      | Identified 2 scrolls of acquirement
  6186 | D:6      | Found Cuedirch's Weapon Shoppe.
  6534 | D:6      | Reached XP level 10. HP: 50/76 MP: 0/0
  6968 | D:7      | Reached skill level 9 in Spellcasting
  7378 | D:7      | Reached ** piety under Ashenzari
  7419 | D:7      | Identified the +6 scale mail of Jigsaw {-Tele Int+6}
  7717 | D:7      | Noticed a rust devil
  7717 | D:7      | Noticed a rust devil
  8384 | D:8      | Noticed Pikel
  8389 | D:8      | Killed Pikel
  8390 | D:8      | Reached skill level 1 in Long Blades
  8457 | D:8      | Noticed Maurice
  8467 | D:8      | Killed Maurice
  8468 | D:8      | Reached XP level 11. HP: 74/87 MP: 0/0
  8468 | D:8      | Learned a level 5 spell: Lightning Bolt
  8473 | D:8      | Acquired a manual of Spellcasting
  8475 | D:8      | Acquired 627 gold pieces
  8495 | D:8      | Reached *** piety under Ashenzari
  8609 | D:8      | Found a staircase to the Lair.
  8610 | D:8      | Noticed Erica
  8620 | D:8      | Killed Erica
  8621 | D:8      | Reached skill level 10 in Spellcasting
  9094 | D:9      | Found a flagged portal.
  9214 | Bailey   | Entered a bailey
  9373 | Bailey   | Found a bloodstained altar of Trog.
  9373 | Bailey   | Noticed an orc knight
  9373 | Bailey   | Noticed an orc knight
  9382 | Bailey   | Reached skill level 1 in Armour
  9383 | Bailey   | Killed an orc knight
  9384 | Bailey   | Reached skill level 1 in Shields
  9406 | Bailey   | Killed an orc knight
  9609 | D:9      | Noticed Grum
  9625 | D:9      | Killed Grum
  9665 | D:9      | Found Miqie's Jewellery Shoppe.
 10116 | D:9      | Noticed a boulder beetle
 10125 | D:9      | Killed a boulder beetle
 10302 | D:10     | Entered Level 10 of the Dungeon
 10311 | D:10     | Noticed a two-headed ogre
 10344 | D:10     | Killed a two-headed ogre
 10385 | D:10     | Reached XP level 12. HP: 79/99 MP: 0/0
 10582 | D:10     | Reached skill level 5 in Long Blades
 10598 | D:10     | Reached **** piety under Ashenzari
 10649 | D:10     | Acquired the +5 pair of gloves "Vunyre Zachu" {rC+}
 10771 | D:10     | Noticed a two-headed ogre
 10786 | D:10     | Killed a two-headed ogre
 11157 | D:11     | Noticed a two-headed ogre
 11173 | D:11     | Killed a two-headed ogre
 11174 | D:11     | Reached skill level 10 in Fighting
 11343 | D:11     | Noticed a two-headed ogre
 11356 | D:11     | Killed a two-headed ogre
 11357 | D:11     | Reached skill level 11 in Spellcasting
 11380 | D:11     | Noticed a boulder beetle
 11399 | D:11     | Killed a boulder beetle
 11400 | D:11     | Reached skill level 5 in Dodging
 11584 | D:12     | Found a large runed translucent door.
 11584 | D:12     | Found a large runed translucent door.
 11787 | D:12     | Noticed a two-headed ogre
 11809 | D:12     | Killed a two-headed ogre
 11812 | D:12     | Noticed a boulder beetle
 12089 | D:12     | Killed a boulder beetle
 12090 | D:12     | Reached XP level 13. HP: 53/110 MP: 0/0
 12090 | D:12     | Learned a level 5 spell: Agony
 12194 | D:12     | Found a staircase to the Orcish Mines.
 12253 | D:12     | Reached skill level 5 in Armour
 12335 | D:12     | Found a portal to a secret trove of treasure.
 12730 | D:13     | Reached skill level 5 in Shields
 12773 | D:13     | Noticed a centaur warrior
 12802 | D:13     | Killed a centaur warrior
 12814 | D:13     | Reached ***** piety under Ashenzari
 12823 | D:13     | Found a gateway to a bazaar.
 12829 | Bazaar   | Entered a bazaar
 12829 | Bazaar   | Found Kyxtowee's General Store.
 12869 | Bazaar   | Found Uwoang's Weapon Shoppe.
 12877 | Bazaar   | Found Joankuev's Book Emporium.
 12885 | Bazaar   | Found Sinkeit's Antique Weapon Shoppe.
 12923 | Bazaar   | Bought a potion of haste for 100 gold pieces
 13648 | D:14     | Noticed Louise
 13650 | D:14     | Cast into level 3 of the Abyss (Louise)
 13694 | Abyss:3  | Noticed a dread lich
 13736 | Abyss:3  | Noticed an Ice Fiend
 13737 | Abyss:3  | Killed a dread lich
 13738 | Abyss:3  | Reached skill level 12 in Spellcasting
 13738 | Abyss:3  | Reached skill level 5 in Evocations
 13818 | Abyss:4  | Noticed a catoblepas
 13835 | Abyss:4  | Killed a catoblepas
 13881 | Abyss:4  | Gained mutation: Your body sometimes deteriorates upon
                  | taking damage. [a neqoxec]
 13894 | Abyss:4  | Noticed a green draconian monk
 13946 | Abyss:4  | Noticed a blizzard demon
 13946 | Abyss:4  | Noticed a rakshasa
 13964 | Abyss:4  | Found a transporter.
 13964 | Abyss:4  | Noticed a dread lich
 14002 | Abyss:4  | Noticed a bone dragon
 14006 | Abyss:4  | Reached XP level 14. HP: 59/123 MP: 0/0
 14042 | D:14     | Escaped the Abyss
 14312 | Lair:1   | Entered Level 1 of the Lair of Beasts
 14449 | Lair:1   | Found a burning altar of Makhleb.
 15846 | Lair:3   | Found a hole to the Spider Nest.
 15908 | Lair:3   | Found a staircase to the Shoals.
 16074 | Lair:3   | Reached ****** piety under Ashenzari
 16110 | Lair:3   | Noticed Fannar
 16128 | Lair:3   | Killed Fannar
 16194 | Lair:3   | Noticed Snorg
 16214 | Lair:3   | Killed Snorg
 16910 | Lair:4   | Identified the Collected Works on Ice and Dislocation
 17187 | Lair:5   | Acquired the +9 demon blade of the Philosopher {drain,
                  | rCorr SInv}
 17200 | Lair:5   | Found a frozen archway.
 17215 | IceCv    | Entered an ice cave
 17338 | IceCv    | Reached skill level 13 in Spellcasting
 17430 | IceCv    | Reached XP level 15. HP: 123/135 MP: 0/0
 17430 | IceCv    | Learned a level 6 spell: Iron Shot
 17645 | IceCv    | Identified the ring "Gyatal" {rElec rN+ Int+2 Dex-3}
 17994 | Lair:5   | Found a staircase to the Slime Pits.
 18569 | Lair:6   | Entered Level 6 of the Lair of Beasts
 19203 | Lair:6   | Reached skill level 10 in Dodging
 19214 | Lair:6   | Reached XP level 16. HP: 138/143 MP: 0/0
 20075 | Orc:1    | Entered Level 1 of the Orcish Mines
 20099 | Orc:1    | Paralysed by an orc sorcerer for 5 turns
 20659 | Orc:2    | Entered Level 2 of the Orcish Mines
 20662 | Orc:2    | Noticed Sonja
 20665 | Orc:2    | Reached skill level 14 in Spellcasting
 20821 | Orc:2    | Noticed Josephine
 20823 | Orc:2    | Killed Sonja
 20883 | Orc:1    | Killed Josephine
 20948 | Orc:2    | Found Laacyot's Distillery.
 20968 | Orc:2    | Found Raweuxyon's Antique Armour Boutique.
 20971 | Orc:2    | Found Famuymid's Antique Armour Shoppe.
 20974 | Orc:2    | Found Ewollyni's Weapon Shoppe.
 21211 | Orc:2    | Found a staircase to the Elven Halls.
 21446 | Orc:2    | Bought a potion of curing for 54 gold pieces
 21446 | Orc:2    | Bought a potion of curing for 54 gold pieces
 21446 | Orc:2    | Bought a potion of curing for 54 gold pieces
 21599 | D:14     | Found a gate to the Vaults.
 21671 | D:14     | Identified the +3 broad axe "Asay" {spect, rElec}
 21838 | D:14     | Noticed Frances
 21846 | D:14     | Reached skill level 10 in Armour
 21877 | D:14     | Killed Frances
 22083 | D:14     | Found a white marble altar of Elyvilon.
 22085 | D:14     | Found a glowing silver altar of Zin.
 22086 | D:14     | Found a glowing golden altar of the Shining One.
 22139 | D:14     | Killed Louise
 22348 | D:15     | Entered Level 15 of the Dungeon
 22350 | D:15     | Found a staircase to the Depths.
 22392 | D:14     | Reached skill level 10 in Shields
 22480 | D:15     | Reached XP level 17. HP: 148/156 MP: 0/0
 22480 | D:15     | Learned a level 7 spell: Orb of Destruction
 23308 | Depths:1 | Entered Level 1 of the Depths
 23535 | Shoals:1 | Entered Level 1 of the Shoals
 23991 | Shoals:1 | Noticed Aizul
 24005 | Shoals:1 | Killed Aizul
 24845 | Shoals:2 | Reached skill level 15 in Spellcasting
 25441 | Shoals:2 | Reached XP level 18. HP: 99/165 MP: 0/0
 25860 | Shoals:3 | Found Jazoim's Armour Emporium.
 26551 | Shoals:4 | Entered Level 4 of the Shoals
 27094 | Shoals:4 | HP: 7/166 [merfolk javelineer/silver javelin (12)]
 27094 | Shoals:4 | Demolished by an alligator snapping turtle

Illustrated notes

Levels and vault maps discovered:
D:1:      amcnicky_arrival_gap_in_the_tavern_cellar, layout_loops_ring,
          ebering_ecumenical_altar_abandoned, st_stairs_4
D:2:      layout_loops_cross, basic_altar, minmay_misc_feat_four_crosses,
          hangedman_feature_mirror, minmay_misc_feat_hallway, minmay_lizard_king
D:3:      layout_loops_corners, serial_shops, shop, minivault_4
D:4:      layout_gridville, mainiacjoe_overflow_alcove_2, temple_statues,
          chequers_serial_rivers_micro_e, kennysheep_orc_chapel,
          uniq_blork_the_orc
D:5:      layout_loops_ring, serial_aquarium, aquarium_bridge_long_joined
          [aquarium_subvault_window, aquarium_subvault_bridge,
          aquarium_subvault_window, aquarium_subvault_wall,
          aquarium_subvault_wall, aquarium_subvault_bridge],
          aquarium_bridge_straight [aquarium_subvault_bridge,
          aquarium_subvault_wall, aquarium_subvault_bridge,
          aquarium_subvault_balcony], aquarium_window_1, aquarium_window_3,
          aquarium_window_1, aquarium_view_2d, aquarium_view_2c,
          aquarium_balcony_5b, nicolae_ossuary_entry_monument
D:6:      layout_gridville, serial_shops, nicolae_shop_advertising_works
          [nicolae_subvault_shop_adworks], glass_columns_a
D:7:      cheibrodos_iron_armory, layout_loops_ring
D:8:      layout_loops_ring, david_lair_shrubbed, uniq_erica, uniq_pikel,
          uniq_maurice
D:9:      layout_long_grid, enter_bailey_8, serial_shops,
          nicolae_shop_waterfront, chequers_big_river, nzn_sisyphean_effort,
          uniq_grum
D:10:     layout_basic
D:11:     layout_roguey, nicolae_twisting_strands
D:12:     layout_long_grid, erik_orc_2, nicolae_trove_entry_columns,
          st_stairs_4, lightli_elemental_guards
D:13:     layout_gridville, serial_shops, bzr_entry_water
D:14:     minmay_the_grid_four_pointed_star_mashed
          [minmay_the_grid_triangle_9x9_corruption,
          minmay_the_grid_triangle_9x9_minimal,
          minmay_the_grid_triangle_9x9_shrine,
          minmay_the_grid_triangle_9x9_odd_lines,
          minmay_the_grid_prize_big_room], layout_basic, erik_vaults_1,
          good_gods_mini_temple, uniq_louise, uniq_frances
D:15:     gammafunk_depths_entry_grave, layout_small_grid
Temple:   kilobyte_greek_temple
Lair:1:   layout_chaotic_city, lemuel_altar_in_water2
Lair:2:   layout_hall_layers, grunt_megastairs_3
Lair:3:   layout_loops_ring, minmay_shoals_entry_lonely_mermaid,
          dummy_spider_entry, grunt_megastairs_2, uniq_snorg, uniq_fannar
Lair:4:   layout_concentric_octagons, grunt_forest_small_clearing_treed,
          infiniplex_staircase_pool_2
Lair:5:   layout_gridlike, slime_dummy, portal_ice_cave_rime
Lair:6:   minmay_lair_end_enchanted_forest, layout_cave_pods
Shoals:1: layout_shoals, nicolae_shoals_dead_sea_scrolls, uniq_aizul
Shoals:2: layout_shoals, nicolae_shoals_spring_well_temple
Shoals:3: layout_shoals, serial_shops, shop, nicolae_shoals_water_shrine
Shoals:4: shoals_end_grunt_ice, layout_shoals, nicolae_shoals_hunting_party
Orc:1:    layout_diamond_mine, nicolae_orc_pool_cavern
Orc:2:    grunt_orc_tribal_feast, layout_caves, uniq_sonja, uniq_josephine
Depths:1: layout_gridville, pf_coc_iceberg, minmay_misc_feat_plants,
          serial_bayou, serial_bayou_pond_c, serial_bayou_shore_a,
          serial_bayou_pond_c, serial_bayou_crossing,
          hangedman_abyss_or_decor_passed, nicolae_hepliaklqana_hazy_memory,
          minmay_shop_grove

Skill      XL: |  1  2  3  4  5  6  7  8  9 10 11 12 13 14 15 16 17 18 |
---------------+-------------------------------------------------------+-----
Spellcasting   | 3 4 5 6 7 8 9 10 11 12 13 14 15 | 15.2
Fighting       | 3 6 8 9 10 11 12 13 14 | 14.7
Evocations     | 2 4 5 6 7 8 |  8.1
Long Blades    | 2 4 6 7 8 9 |  9.3
Armour         | 3 4 6 7 9 10 11 | 11.9
Shields        | 3 4 6 7 8 10 11 | 11.6
Dodging        | 4 5 7 8 10 11 12 13 | 13.0
Stealth        | |  1.7

Action                   |  1- 3 |  4- 6 |  7- 9 | 10-12 | 13-15 | 16-18 || total
-------------------------+-------+-------+-------+-------+-------+-------++-------
Melee: Unarmed           |     1 |       |       |       |       |       ||     1
       Spear             |    34 |    26 |       |    75 |       |       ||   135
       Dagger            |     2 |    15 |   134 |       |       |       ||   151
       Scimitar          |       |       |       |   117 |   537 |       ||   654
       Demon blade       |       |       |       |       |   466 |   899 ||  1365
 Cast: Foxfire           |    76 |    67 |   121 |    53 |    32 |       ||   349
       Scorch            |     1 |     8 |    49 |   129 |    53 |    16 ||   256
       Conjure Flame     |       |       |     1 |       |       |       ||     1
       Poisonous Vapours |       |       |       |    59 |    16 |     3 ||    78
       Call Canine Famil |       |       |       |     2 |     5 |       ||     7
       Lightning Bolt    |       |       |       |    13 |    47 |    80 ||   140
       Flame Wave        |       |       |       |     5 |       |       ||     5
       Ensorcelled Hiber |       |       |       |     3 |       |     1 ||     4
       Agony             |       |       |       |       |     5 |    12 ||    17
       Iron Shot         |       |       |       |       |     8 |   185 ||   193
       Orb of Destructio |       |       |       |       |       |     3 ||     3
       Magic Dart        |       |       |       |       |       |     1 ||     1
Invok: Curse Item        |       |       |     2 |     4 |     4 |     1 ||    11
       Shatter the Chain |       |       |       |       |     2 |       ||     2
Evoke: Wand              |       |       |     3 |     4 |     2 |     1 ||    10
  Use: Scroll            |       |       |     6 |    11 |     8 |     1 ||    26
       Potion            |       |       |       |     2 |     3 |       ||     5
 Stab: Sleeping          |     3 |     3 |     1 |     3 |     3 |     3 ||    16
       Distracted        |       |       |       |       |       |     3 ||     3
Armor: Robe              |     5 |     8 |    23 |    80 |    62 |       ||   178
       Troll leather arm |       |       |       |       |   288 |   242 ||   530
Dodge: Dodged            |    32 |    36 |   109 |   223 |   480 |   570 ||  1450
Block: Tower shield      |       |       |       |    84 |  1016 |  1118 ||  2218

Table legend: (Time is in decaauts)
 A = Elapsed time spent in this place.
 B = Non-inter-level travel time spent in this place.
 C = Inter-level travel time spent in this place.
 D = Time resting spent in this place.
 E = Time spent auto-exploring this place.
 F = Levels seen in this place.
 G = Mean time per level.
                   A        B        C        D        E       F      G
               +--------+--------+--------+--------+--------+-----+--------+
         Total |  27004 |  25258 |   1746 |    994 |  16386 |  35 |  771.5 |
       Dungeon |  15276 |  14189 |   1087 |    346 |  10031 |  15 | 1018.4 |
        Temple |    198 |    142 |     56 |      0 |    128 |   1 |  198.0 |
          Lair |   4967 |   4647 |    320 |     77 |   3105 |   6 |  827.8 |
        Shoals |   3444 |   3287 |    157 |    457 |   1721 |   4 |  861.0 |
  Orcish Mines |   1444 |   1319 |    125 |     59 |    762 |   2 |  722.0 |
        Depths |      1 |      1 |      0 |      0 |      0 |   1 |    1.0 |
         Abyss |    377 |    377 |      0 |     13 |     43 |   2 |  188.5 |
        Bazaar |    100 |    100 |      0 |      0 |     59 |   1 |  100.0 |
       Ossuary |    204 |    204 |      0 |      0 |    114 |   1 |  204.0 |
        Bailey |    342 |    342 |      0 |     42 |    174 |   1 |  342.0 |
      Ice Cave |    646 |    646 |      0 |      0 |    249 |   1 |  646.0 |
               +--------+--------+--------+--------+--------+-----+--------+

Top non-repeatable levels by time:
     D:1: 1602 daAuts
     D:5: 1424 daAuts
     D:8: 1412 daAuts
    D:12: 1325 daAuts
Shoals:3: 1319 daAuts
     D:6: 1175 daAuts
    D:14: 1152 daAuts
Shoals:2: 1117 daAuts
  Lair:6: 1112 daAuts
     D:9: 986 daAuts
    D:10: 918 daAuts
Shoals:1: 874 daAuts
    D:13: 869 daAuts
     D:4: 861 daAuts
  Lair:2: 852 daAuts
